 Dungeon Sprint DCSS version 0.25-a0-292-gaa31f046c4 (webtiles) character file.

Game seed: 6610457717417816948, levelgen mode: deterministic

7 Baz the Skirmisher (level 2, -4/20 HPs)
             Began as a Gargoyle Gladiator on Dec 15, 2019.
             Was an Initiate of Makhleb.
             Killed from afar by a deep elf mage (15 damage)
             ... with a bolt of negative energy
             ... in the Dungeon (Sprint V: "Ziggurat Sprint").
             The game lasted 00:02:26 (129 turns).

Baz the Skirmisher (Gargoyle Gladiator)              Turns: 129, Time: 00:02:27

Health: -4/20      AC: 20    Str: 17    XL:     2   Next: 0%
Magic:  2/2        EV:  8    Int:  8    God:    Makhleb [......]
Gold:   0          SH:  0    Dex: 11    Spells: 1/1 levels left

rFire    . . .     SeeInvis .   n - +7 Screaming Sword {slice, sonic wave}
rCold    . . .     Gourm    .   (no shield)
rNeg     + . .     Faith    .   C - +5 storm dragon scales
rPois    ∞         Spirit   .   c - +0 helmet
rElec    +         Reflect  .   (no cloak)
rCorr    .         Harm     .   (no gloves)
MR       .....     NoTele   +   (no boots)
Stlth    ..........             (no amulet)
HPRegen  0.06/turn              (no ring)
MPRegen  0.08/turn              (no ring)

@: lightly drained
A: negative energy resistance 1, electricity resistance, unbreathing,
petrification resistance, rot immunity, AC +2
a: Renounce Religion


You were in the Dungeon.
You worshipped Makhleb.
Makhleb was noncommittal.
You were not hungry.

You visited 1 branch

Inventory:

Hand Weapons
 a - a +0 long sword
 l - a +5 triple sword
 n - the +7 Screaming Sword (weapon) {slice, sonic wave}
   (You found it in the Dungeon)

   It inflicts extra damage upon your enemies.
 o - the +9 sword of Zonguldrok {reap}
   (You found it in the Dungeon)

   If a monster killed with it leaves a corpse in good enough shape, the corpse
   will be animated as a zombie friendly to the killer.
Missiles
 d - 3 throwing nets (quivered)
Armour
 b - a +0 leather armour
 c - a +0 helmet (worn)
 m - the +18 shield of the Gong {rElec rN+ MR+ EV-5}
   (You found it in the Dungeon)

   It affects your evasion (-5).
   It insulates you from electricity.
   It protects you from negative energy.
   It affects your resistance to hostile enchantments.
 C - +5 storm dragon scales (worn)
 L - +5 gold dragon scales
Jewellery
 p - an uncursed ring of flight
 q - a +6 ring of dexterity
 r - a +6 ring of dexterity
 s - a +6 ring of intelligence
 t - a +6 ring of intelligence
 u - a +6 ring of strength
 v - a +6 ring of strength
Wands
 w - a wand of disintegration (7)
 x - a wand of iceblast (7)
 y - a wand of acid (7)
Scrolls
 k - 4 scrolls of blinking
 F - 4 scrolls of amnesia
 G - 7 scrolls of fog
 H - a scroll of holy word
 I - 5 scrolls of identify
 J - 5 scrolls of remove curse
 K - 2 scrolls of fear
Potions
 e - 10 potions of curing
 g - 10 potions of heal wounds
 h - 6 potions of haste
 i - 7 potions of magic
 j - 3 potions of berserk rage
 z - 2 potions of brilliance
 A - 2 potions of invisibility
 B - 4 potions of resistance
 D - 5 potions of agility
 E - 5 potions of might
Comestibles
 f - 7 rations


   Skills:
 + Level 4.5(3.9) Fighting
 + Level 4.3(3.7) Long Blades
 - Level 1.7(1.2) Throwing
 + Level 3.7(3.2) Armour
 + Level 3.9(3.3) Dodging


You had one spell level left.
You didn't know any spells.
Your spell library was empty.

Dungeon Overview and Level Annotations

Branches:
Dungeon (1/1)

Altars:
Ashenzari
Cheibriados
Dithmenos
Elyvilon
Fedhas
Gozag
Hepliaklqana
Kikubaaqudgha
Makhleb
Nemelex Xobeh
Okawaru
Qazlal
Ru
Sif Muna
Trog
Uskayaw
Vehumet
Wu Jian
Xom
Yredelemnul
Zin
The Shining One
Beogh
Jiyva
Lugonu

Annotations:
D 1 transporter


Innate Abilities, Weirdness & Mutations

You are resistant to torment.
Your stone body is resilient. (AC +2)
You are immune to poison.
You resist negative energy. (rN+)
You are resistant to electric shocks. (rElec)
You can survive without breathing.
You are immune to petrification.
You are immune to rotting.


Message History

You enter the transporter and appear at another place.
A deep elf mage and a deep elf archer come into view.
The deep elf mage shouts!
The deep elf archer shouts!
Found a manual of Polearms and a +0 scimitar of holy wrath.
Found a transporter.
The deep elf archer blinks!
The deep elf mage hits you but does no damage.
You miss the deep elf mage. The deep elf mage casts a spell at you.
The bolt of negative energy hits you! You partially resist.
You feel drained.
The deep elf archer blinks!
You slash the deep elf mage!
The deep elf mage is heavily wounded.
The deep elf mage barely misses you.
You closely miss the deep elf mage.
The deep elf mage is heavily wounded.
The deep elf mage gestures at you while chanting.
The bolt of negative energy hits you! You partially resist.
You feel drained.
Ouch! That really hurt!
You die...

▓▓▓▓▓▓▓
▓.8©8.▓
▓...e.▓
▓.).:.▓
▓..e..▓
▓..@..▓
▓..©..▓
▓▓▓▓▓▓▓


You could see a deep elf archer and a deep elf mage.

Vanquished Creatures (others)
  Kirke (D)
  Sonja (D)
  Eustachio (D)
  Dowan (D)
  Crazy Yiuf (D)
5 creatures vanquished.

Notes
Turn   | Place    | Note
-------+----------+-------------------------------------------
     0 | D        | Baz the Gargoyle Gladiator began the quest for the Orb.
     0 | D        | Reached XP level 1. HP: 12/12 MP: 1/1
     0 | D        | Found a blossoming altar of Fedhas.
     1 | D        | Found the +6 Majin-Bo {vamp, Archmagi MP+6 Int+6}
     1 | D        | Found the +7 great mace "Firestarter" {inner flame, rF++}
     1 | D        | Found a viscous altar of Jiyva.
     1 | D        | Found a hazy altar of Hepliaklqana.
     1 | D        | Found a transporter.
     1 | D        | Found an opulent altar of Gozag.
     1 | D        | Found an ancient bone altar of Kikubaaqudgha.
     1 | D        | Found a corrupted altar of Lugonu.
     7 | D        | Killed Dowan
     9 | D        | Found a burning altar of Makhleb.
    10 | D        | Found an iron altar of Okawaru.
    10 | D        | Found a stormy altar of Qazlal.
    10 | D        | Found a sparkling altar of Nemelex Xobeh.
    10 | D        | Found a sacrificial altar of Ru.
    10 | D        | Found a shimmering blue altar of Sif Muna.
    14 | D        | Found the +9 heavy crossbow "Sniper" {velocity, Acc+∞ SInv}
    14 | D        | Found the +10 dark maul {crush}
    14 | D        | Found the +15 Maxwell's patent armour {-Cast -Tele rElec
                  | MR+ rCorr}
    14 | D        | Found the +18 shield of the Gong {rElec rN+ MR+ EV-5}
    14 | D        | Found the cursed +14 obsidian axe {chop, +Fly SInv *Curse}
    16 | D        | Found the +6 shillelagh "Devastator" {shatter}
    16 | D        | Found the +11 plutonium sword {*Contam Stlth-}
    16 | D        | Found the +8 lance "Wyrmbane" {slay drac, rPois rF+ rC+
                  | AC+3}
    16 | D        | Found the +9 sword of Zonguldrok {reap}
    16 | D        | Found the cursed +13 scythe of Curses {drain, *Curse}
    16 | D        | Found the +0 sword of Power
    16 | D        | Found the +7 mace of Variability {chain chaos}
    16 | D        | Found the +7 Singing Sword {slice, sonic wave}
    16 | D        | Found the +8 storm bow {elec, penet}
    18 | D        | Killed Sonja
    21 | D        | Found a bloodstained altar of Trog.
    27 | D        | Killed Eustachio
    39 | D        | Reached XP level 2. HP: 20/20 MP: 2/2
    98 | D        | Killed Kirke
    99 | D        | Killed Crazy Yiuf
   118 | D        | Became a worshipper of Makhleb the Destroyer
   125 | D        | Entered arena 2.
   125 | D        | Noticed a deep elf mage
   125 | D        | Noticed a deep elf archer
   125 | D        | Found a transporter.
   129 | D        | Killed from afar by a deep elf mage

Levels and vault maps discovered:
D:        sprint_v [room_start, room_1, room_2, room_3, room_4, room_5, room_6,
          room_7, room_8, room_9, room_10, room_11, room_12, room_13, room_14,
          room_15, room_16, room_17, room_18, room_19, room_20, room_21,
          room_22, room_23, room_24, room_25, room_26, room_27]

Skill      XL: |  1 |
---------------+----+-----
Fighting       | 4 |  4.5
Long Blades    | 4 |  4.3
Armour         | 3 |  3.7
Dodging        | 3 |  3.9
Throwing       | |  1.7

Action                   || total
-------------------------++-------
Melee: Double sword      ||     3
  Use: Potion            ||     1
Armor: Storm dragon scal ||     1
Dodge: Dodged            ||     1

Table legend:
 A = Non-vault XP
 B = Vault XP
 C = Vault XP percentage of total XP
 D = Non-vault monster count
 E = Vault monster count
 F = Vault count percentage of total count
                 A         B        C        D         E       F
            +---------+---------+-------+---------+---------+-------
      Total |       0 |       0 |   N/A |       0 |       0 |  -nan
            +---------+---------+-------+---------+---------+-------
            +---------+---------+-------+---------+---------+-------
